 Dungeon Crawl Stone Soup version 0.20.0-7-g3b7b877 (webtiles) character file.

43051 Reborn the Arsonist (level 14, -1/90 HPs)
             Began as an Octopode Fire Elementalist on May 29, 2017.
             Was a High Priest of Vehumet.
             Slain by a dire elephant (6 damage)
             ... on level 6 of the Lair of Beasts.
             The game lasted 02:09:00 (27349 turns).

Reborn the Arsonist (Octopode Fire Elementalist)   Turns: 27349, Time: 02:09:01

Health: -1/90      AC:  8    Str:  7    XL:     14   Next: 22%
Magic:  0/26       EV: 23    Int: 25    God:    Vehumet [*****.]
Gold:   1525       SH:  0    Dex: 25    Spells: 1/35 levels left

rFire    + . .     SeeInvis +   I - +1 flail (protect)
rCold    + . .     Gourm    .   (no shield)
rNeg     . . .     Faith    +   (helmet restricted)
rPois    +         Spirit   .   z - amulet of Vodghaps {Faith Dex+6 Slay+2}
rElec    .         Reflect  .   E - ring of poison resistance
rCorr    +         Harm     .   C - ring of stealth
MR       +....     Clarity  +   L - +2 ring of intelligence
Stlth    ++++++....             X - +4 ring of intelligence
Regen    0.0/turn               q - ring of Sevvuddi {rC+ Dex+3 SInv Stlth+}
MPRegen  0.2/turn               r - ring of resist corrosion
                                (no ring)
                                (no ring)

@: protection aura
A: almost no armour, stealthy swim, amphibious, 8 rings, constrict 8, camouflage
1, clarity, fire resistance 1, low mp 1, inhibited regeneration, gelatinous body
1
a: Renounce Religion


You were on level 6 of the Lair of Beasts.
You worshipped Vehumet.
Vehumet was extremely pleased with you.
You were very hungry.

You visited 2 branches of the dungeon, and saw 19 of its levels.
You also visited: Labyrinth and Bailey.

You collected 1525 gold pieces.

Inventory:

Hand Weapons
 w - the +6 arbalest of Refamu {speed, Str+4}
   (You found it on level 6 of the Lair of Beasts)

   Attacks with this weapon are significantly faster.
   It affects your strength (+4).
 I - a +1 flail of protection (weapon)
Jewellery
 q - the ring of Sevvuddi (on tentacle) {rC+ Dex+3 SInv Stlth+}
   (You found it in a labyrinth)

   [ring of protection from cold]

   It affects your dexterity (+3).
   It protects you from cold.
   It lets you see invisible.
   It makes you more stealthy.
 r - a ring of resist corrosion (on tentacle)
 z - the amulet of Vodghaps (around mantle) {Faith Dex+6 Slay+2}
   (You took it off a hobgoblin on level 4 of the Dungeon)

   [amulet of faith]

   It allows you to gain divine favour quickly.
   It affects your dexterity (+6).
   It affects your accuracy and damage with ranged weapons and melee attacks
   (+2).
 C - a ring of stealth (right tentacle)
 E - a ring of poison resistance (left tentacle)
 H - a +5 amulet of reflection
 L - a +2 ring of intelligence (on tentacle)
 X - a +4 ring of intelligence (on tentacle)
Wands
 d - a wand of random effects (14/48)
 D - a wand of iceblast (8/15)
 G - a wand of paralysis (17/24)
 O - a wand of flame (27/48)
 Z - a wand of acid (4/15)
Scrolls
 c - 3 scrolls of enchant weapon
 e - 7 scrolls of identify
 g - 9 scrolls of remove curse
 k - 10 scrolls of teleportation
 t - 4 scrolls of amnesia
 u - a scroll of torment {unknown}
 x - 6 scrolls of blinking
 J - 2 scrolls of acquirement {unknown}
 M - a scroll of silence
 Q - a scroll of brand weapon {unknown}
 R - a scroll of magic mapping
 T - a scroll of summoning {unknown}
 U - a scroll of fear {unknown}
 W - 4 scrolls of recharging {unknown}
Potions
 h - 6 potions of heal wounds
 j - 2 potions of brilliance
 l - a potion of berserk rage
 n - 2 potions of might
 p - 11 potions of curing
 s - 3 potions of flight
 v - 3 potions of haste
 F - a potion of mutation
 K - 3 potions of resistance
 Y - 2 potions of cancellation {unknown}
Books
 a - a book of Flames

   Spells                             Type                      Level
   a - Flame Tongue                   Conjuration/Fire             1
   b - Throw Flame                    Conjuration/Fire             2
   c - Conjure Flame                  Conjuration/Fire             3
   d - Inner Flame                    Hexes/Fire                   3
   e - Sticky Flame                   Conjuration/Fire             4
   f - Fireball                       Conjuration/Fire             5
 m - a book of Callings

   Spells                             Type                      Level
   a - Summon Small Mammal            Summoning                    1
   b - Call Imp                       Summoning                    2
   c - Call Canine Familiar           Summoning                    3
   d - Summon Guardian Golem          Hexes/Summoning              3
   e - Summon Lightning Spire         Summoning/Air                4
   f - Summon Ice Beast               Ice/Summoning                4
 y - a book of Geomancy

   Spells                             Type                      Level
   a - Sandblast                      Earth                        1
   b - Passwall                       Transmutation/Earth          2
   c - Stone Arrow                    Conjuration/Earth            3
   d - Petrify                        Transmutation/Earth          4
   e - Lee's Rapid Deconstruction     Earth                        5
 A - a book of Misfortune

   Spells                             Type                      Level
   a - Confusing Touch                Hexes                        1
   b - Confuse                        Hexes                        3
   c - Gell's Gravitas                Translocation                3
   d - Petrify                        Transmutation/Earth          4
   e - Metabolic Englaciation         Hexes/Ice                    5
   f - Yara's Violent Unravelling     Hexes/Transmutation          5
 B - a book of the Warp

   Spells                             Type                      Level
   a - Gell's Gravitas                Translocation                3
   b - Portal Projectile              Hexes/Translocation          3
   c - Force Lance                    Conjuration/Translocation    4
   d - Dispersal                      Translocation                6
   e - Controlled Blink               Translocation                8
   f - Disjunction                    Translocation                8
 P - a Young Poisoner's Handbook

   Spells                             Type                      Level
   a - Sting                          Conjuration/Poison           1
   b - Poisonous Vapours              Poison/Air                   2
   c - Mephitic Cloud                 Conjuration/Poison/Air       3
   d - Olgreb's Toxic Radiance        Poison                       4
   e - Venom Bolt                     Conjuration/Poison           5
 S - a book of Cantrips

   Spells                             Type                      Level
   a - Confusing Touch                Hexes                        1
   b - Animate Skeleton               Necromancy                   1
   c - Summon Small Mammal            Summoning                    1
   d - Apportation                    Translocation                1
 V - a book of Power

   Spells                             Type                      Level
   a - Iskenderun's Battlesphere      Conjuration/Charms           5
   b - Venom Bolt                     Conjuration/Poison           5
   c - Bolt of Magma                  Conjuration/Fire/Earth       5
   d - Iron Shot                      Conjuration/Earth            6
   e - Orb of Destruction             Conjuration                  7
   f - Spellforged Servitor           Conjuration/Summoning        7
Comestibles
 b - 6 bread rations
 f - 9 meat rations
 i - 6 royal jellies
 o - 7 fruits


   Skills:
 - Level 6.2 Fighting
 - Level 10.1 Dodging
 - Level 4.2 Stealth
 - Level 11.0 Spellcasting
 - Level 11.2 Conjurations
 - Level 3.0 Charms
 + Level 5.4 Translocations
 - Level 12.5 Fire Magic


You had one spell level left.
You knew the following spells:

 Your Spells              Type           Power        Failure   Level  Hunger
a - Flame Tongue          Conj/Fire      #####        1%          1    None
b - Conjure Flame         Conj/Fire      ######..     1%          3    None
c - Fireball              Conj/Fire      ######....   1%          5    ####...
d - Sticky Flame          Conj/Fire      ######..     1%          4    None
e - Mephitic Cloud        Conj/Pois/Air  ####....     1%          3    None
f - Iskenderun's Battles  Conj/Chrm      #####...     1%          5    ####...
g - Venom Bolt            Conj/Pois      #####.....   3%          5    ####...
h - Controlled Blink      Tloc           N/A          100%        8    #######


Dungeon Overview and Level Annotations

Branches:
Dungeon (13/15)            Temple (0/1) D:7            Lair (6/6) D:10
  Swamp (0/4) Lair:4       Spider (0/4) Lair:3        Slime (0/5) Lair:5
    Orc: D:9-12      Vaults: D:13-14

Altars:
Cheibriados
Dithmenos
Fedhas
Gozag
Makhleb
Okawaru
Qazlal
Ru
Trog
Uskayaw
Vehumet
Xom

Shops:
D:5 (*?:   D:6 %

Annotations:
D:2 Sigmund
D:4 2 transporters
D:9 Erica
D:10 Erolcha
Lair:2 exclusion: oklob plant
Lair:3 1 exclusion


Innate Abilities, Weirdness & Mutations

You cannot wear most types of armour.
You are very stealthy in the water. (Stealth+)
You are amphibious.
You can wear up to eight rings at the same time.
You can use your tentacles to constrict eight enemies at once.
Your skin changes colour to match your surroundings (Stealth+).
Your rubbery body absorbs attacks. (AC +1, EV +1)
You possess an exceptional clarity of mind.
Your flesh is heat resistant. (rF+)
Your magical capacity is low. (-10% MP)
You do not regenerate when monsters are visible.


Message History

The dire elephant misses you.
The dire elephant is engulfed in blazing flames.
The dire elephant tramples you!!
* * * LOW HITPOINT WARNING * * *
You hold your ground!
The dire elephant trunk-slaps you!
* * * LOW HITPOINT WARNING * * *
Casting: Flame Tongue
Confirm with . or Enter, or press ? or * to list all spells.
Aiming: Flame Tongue
Press: ? - help, Shift-Dir - straight line, f/p - dire elephant
Aim: a dire elephant (flame, almost dead, covered in liquid flames)
The flame tongue hits the dire elephant.
The dire elephant is almost dead.
The dire elephant burns!
Your battlesphere fires!
The barrage of energy hits the dire elephant.
The dire elephant is almost dead.
The dire elephant completely misses you.
The dire elephant trunk-slaps you.
You die...

###........#
#.....Y#
####.###
#........#
#P...P.####....#
≈ #........#
######'#....####
≈≈ ##......###
#.#.####.8#.≈≈
#.......#
#[..#.....'..≈
#......## ♣♣
#..8#....8##.≈
##....## ♣|♣
###'##''####
###..#
♣8♣##.#.....#
####
♣@Y.......##
##§..*....#
##.#...###
#######


You could see a dire elephant (burning) and a friendly battlesphere.

Vanquished Creatures
  Josephine (Lair:5)
  A minotaur (Lab)
  An anaconda (Lair:6)
  4 hydras
  4 two-headed ogres
  A catoblepas (Lair:2)
  The ghost of McKennaii the Covert, a novice OpAs of Dithmenos (D:6)
  5 oklob plants
  5 elephants
  A cyclops (D:8)
  5 black mambas
  A torpor snail (Lair:6)
  14 spiny frogs
  4 rime drakes
  7 komodo dragons
  2 trolls
  A tyrant leech (Lair:4)
  14 blink frogs
  2 polar bears
  7 hippogriffs
  2 dream sheep (Lair:6)
  A wyvern (Lair:3)
  5 wraiths (Lair:5)
  30 yaks
  2 basilisks
  A steam dragon (D:11)
  4 hungry ghosts
  Grum (D:8)
  A soldier ant (D:11)
  8 porcupines
  12 water moccasins
  10 orc warriors
  2 black bears
  2 ice beasts (D:5)
  2 phantoms
  2 sky beasts
  7 ogres
  7 wolves
  5 centaurs
  11 crocodiles
  17 bullfrogs
  A big kobold (D:8)
  A wyvern zombie (D:6)
  4 scorpions
  A wyvern skeleton (D:11)
  4 killer bees (D:7)
  7 howler monkeys
  5 electric eels
  A bullfrog zombie (D:5)
  4 lava snakes (Lab)
  A centaur zombie (D:9)
  5 crimson imps
  A quasit (D:8)
  5 hounds
  4 jellies
  6 orc priests
  2 centaur skeletons
  11 orc wizards
  A bullfrog skeleton (D:10)
  2 iguanas
  5 worker ants
  A killer bee zombie (D:6)
  Robin (D:4)
  A hound skeleton (D:6)
  A worker ant zombie (D:9)
  9 gnolls
  19 adders
  8 river rats (D:5)
  3 shadow imps
  3 oozes (Lair:5)
  An adder zombie (D:5)
  2 adder skeletons
  2 worms
  3 dart slugs
  5 leopard geckos
  26 orcs
  7 bats
  8 giant cockroaches
  18 hobgoblins
  11 jackals
  26 kobolds
  13 quokkas
  3 ball pythons
  4 frilled lizards
  15 goblins
  A leopard gecko skeleton (D:5)
  2 quokka skeletons
  A quokka zombie (D:5)
  21 rats
  4 plants
503 creatures vanquished.

Vanquished Creatures (others)
  8 fungi
  6 plants
14 creatures vanquished.

Grand Total: 517 creatures vanquished

Notes
Turn   | Place    | Note
-------+----------+-------------------------------------------
     0 | D:1      | Reborn the Octopode Fire Elementalist began the quest for the Orb.
     0 | D:1      | Reached XP level 1. HP: 11/11 MP: 3/3
    83 | D:1      | Reached XP level 2. HP: 2/17 MP: 0/5
   894 | D:1      | Reached XP level 3. HP: 21/21 MP: 2/6
  1103 | D:1      | Learned a level 3 spell: Conjure Flame
  1107 | D:1      | Learned a level 3 spell: Inner Flame
  1614 | D:2      | Reached skill level 4 in Fire Magic
  1614 | D:2      | Reached XP level 4. HP: 26/27 MP: 2/8
  1715 | D:2      | Noticed Sigmund
  1850 | D:2      | Found a hide-covered altar of Uskayaw.
  2161 | D:2      | Found a stormy altar of Qazlal.
  3187 | D:3      | Found a shimmering altar of Xom.
  3188 | D:3      | Found a burning altar of Makhleb.
  3196 | D:3      | Reached XP level 5. HP: 24/31 MP: 10/10
  3803 | D:3      | Found a radiant altar of Vehumet.
  4098 | D:4      | Reached XP level 6. HP: 36/36 MP: 8/12
  4170 | D:4      | Found a transporter.
  4174 | D:4      | Found a transporter.
  4181 | D:4      | Reached skill level 5 in Fire Magic
  4370 | D:3      | Became a worshipper of Vehumet
  4477 | D:4      | Noticed Robin
  4588 | D:4      | Killed Robin
  4591 | D:4      | Got a fine copper amulet
  4593 | D:4      | Identified the amulet of Vodghaps {Faith Dex+6 Slay+2} (You took it off a hobgoblin on level 4 of the Dungeon)
  4983 | D:4      | Reached XP level 7. HP: 41/41 MP: 6/13
  5282 | D:4      | Learned a level 4 spell: Sticky Flame
  5466 | D:5      | Entered Level 5 of the Dungeon
  5511 | D:5      | Found Dinailan's General Store.
  5555 | D:5      | Found a sacrificial altar of Ru.
  5557 | D:5      | Reached * piety under Vehumet
  5557 | D:5      | Offered knowledge of Sandblast by Vehumet.
  5781 | D:5      | Found Kureap's Magic Scroll Shop.
  5852 | D:5      | Found Kikul's Book Boutique.
  5854 | D:5      | Found a snail-covered altar of Cheibriados.
  5871 | D:5      | Found an opulent altar of Gozag.
  5888 | D:5      | Found an iron altar of Okawaru.
  5933 | D:5      | Found a bloodstained altar of Trog.
  6031 | D:5      | Found a blossoming altar of Fedhas.
  6075 | D:5      | Found Wucleror's Antique Weapon Shoppe.
  6495 | D:5      | Offered knowledge of Freeze by Vehumet.
  6497 | D:5      | Reached ** piety under Vehumet
  6624 | D:5      | Reached skill level 6 in Fire Magic
  6634 | D:5      | Reached XP level 8. HP: 43/46 MP: 3/15
  7070 | D:6      | Noticed McKennaii's ghost (novice OpAs)
  7108 | D:6      | Found Weuhyho's Food Shop.
  7147 | D:6      | Killed McKennaii's ghost
  7147 | D:6      | Reached skill level 5 in Spellcasting
  7147 | D:6      | Reached skill level 5 in Conjurations
  7147 | D:6      | Reached skill level 7 in Fire Magic
  7481 | D:6      | Reached XP level 9. HP: 51/51 MP: 7/16
  7492 | D:6      | Offered knowledge of Mephitic Cloud by Vehumet.
  7993 | D:6      | Reached *** piety under Vehumet
  8092 | D:6      | Reached skill level 5 in Dodging
  8110 | D:6      | Gained mutation: Your spells are a little easier to cast, but a little less powerful. [mutagenic meat]
  8111 | D:6      | Gained mutation: You are resistant to hostile enchantments. (MR+) [mutagenic meat]
  8113 | D:6      | Gained mutation: You are dopey. (Int -2) [mutagenic meat]
  8237 | D:6      | Reached skill level 8 in Fire Magic
  8310 | D:6      | Noticed a troll
  8321 | D:6      | Killed a troll
  8700 | D:6      | Offered knowledge of Static Discharge by Vehumet.
  9204 | D:6      | Reached skill level 9 in Fire Magic
  9204 | D:6      | Reached XP level 10. HP: 32/56 MP: 2/17
  9396 | D:6      | Lost mutation: You are dopey. (Int -2) [potion of mutation]
  9396 | D:6      | Lost mutation: You are resistant to hostile enchantments. (MR+) [potion of mutation]
  9396 | D:6      | Lost mutation: Your spells are a little easier to cast, but a little less powerful. [potion of mutation]
  9396 | D:6      | Gained mutation: You do not regenerate when monsters are visible. [potion of mutation]
  9396 | D:6      | Gained mutation: Your flesh is heat resistant. (rF+) [potion of mutation]
  9396 | D:6      | Gained mutation: Your magical capacity is low. (-10% MP) [potion of mutation]
  9396 | D:6      | Gained mutation: You possess an exceptional clarity of mind. [potion of mutation]
  9491 | D:7      | Learned a level 5 spell: Fireball
 10155 | D:7      | Reached **** piety under Vehumet
 10486 | D:7      | Found a staircase to the Ecumenical Temple.
 10707 | D:7      | Offered knowledge of Olgreb's Toxic Radiance by Vehumet.
 10922 | D:8      | Found a shadowy altar of Dithmenos.
 10961 | D:8      | Noticed Grum
 11461 | D:8      | Noticed a two-headed ogre
 11483 | D:8      | Killed a two-headed ogre
 11483 | D:8      | Reached skill level 10 in Fire Magic
 11593 | D:8      | Killed Grum
 12092 | D:8      | Reached ***** piety under Vehumet
 12289 | D:9      | Noticed a cyclops
 12585 | D:8      | Killed a cyclops
 12585 | D:8      | Offered knowledge of Irradiate by Vehumet.
 12585 | D:8      | Reached XP level 11. HP: 25/61 MP: 13/18
 12833 | D:9      | Noticed a two-headed ogre
 12853 | D:9      | Killed a two-headed ogre
 13021 | D:9      | Found a shadowy altar of Dithmenos.
 13234 | D:9      | Noticed Erica
 13605 | D:10     | Entered Level 10 of the Dungeon
 13885 | D:10     | Found a staircase to the Lair.
 14205 | D:10     | You fall through a shaft for 3 floors!
 14687 | D:11     | Found a flagged portal.
 14692 | Bailey   | Entered a bailey
 14719 | Bailey   | Noticed an orc warlord
 14817 | Bailey   | Found a runed gate.
 14818 | Bailey   | Found a runed gate.
 14819 | Bailey   | Found a runed gate.
 15504 | Bailey   | Got a coiled diamond amulet
 15569 | D:11     | Noticed a two-headed ogre
 15583 | D:11     | Killed a two-headed ogre
 15583 | D:11     | Reached skill level 1 in Fighting
 15808 | D:11     | Identified the amulet of Ceipaff {Spirit MR+ Str+2} (You found it in a bailey)
 16374 | D:11     | Noticed a two-headed ogre
 16398 | D:11     | Killed a two-headed ogre
 16574 | D:10     | Noticed Erolcha
 16618 | Lair:1   | Entered Level 1 of the Lair of Beasts
 17196 | Lair:1   | Reached XP level 12. HP: 74/74 MP: 14/21
 17280 | Lair:1   | Reached skill level 11 in Fire Magic
 17450 | Lair:1   | Offered knowledge of Bolt of Cold by Vehumet.
 17762 | Lair:1   | Reached skill level 5 in Fighting
 17928 | Lair:1   | Learned a level 3 spell: Mephitic Cloud
 18252 | Lair:2   | Noticed a catoblepas
 18383 | Lair:2   | Killed a catoblepas
 18427 | Lair:2   | Reached skill level 10 in Dodging
 19344 | Lair:2   | Learned a level 5 spell: Iskenderun's Battlesphere
 19387 | Lair:2   | Noticed a four-headed hydra
 19406 | Lair:2   | Killed a four-headed hydra
 19406 | Lair:2   | Reached skill level 1 in Charms
 19604 | Lair:2   | Noticed a seven-headed hydra
 19615 | Lair:2   | Killed a seven-headed hydra
 19658 | Lair:2   | Found a blossoming altar of Fedhas.
 20423 | Lair:3   | Found a hole to the Spider Nest.
 20699 | Lair:3   | Reached skill level 12 in Fire Magic
 20887 | Lair:3   | Reached skill level 10 in Conjurations
 20944 | Lair:3   | Reached XP level 13. HP: 76/83 MP: 13/22
 21900 | Lair:4   | Found a labyrinth entrance.
 21910 | Lab      | Entered a labyrinth
 22275 | Lab      | Learned a level 5 spell: Venom Bolt
 22520 | Lab      | Noticed a minotaur
 22746 | Lab      | Killed a minotaur
 23037 | Lab      | Got a glittering brass ring
 23047 | Lair:4   | Identified the ring of Sevvuddi {rC+ Dex+3 SInv Stlth+} (You found it in a labyrinth)
 23246 | Lair:4   | Found a staircase to the Swamp.
 23371 | Lair:4   | Offered knowledge of Poison Arrow by Vehumet.
 24253 | Lair:5   | Noticed Josephine
 24559 | Lair:5   | Killed Josephine
 24877 | Lair:5   | Found a staircase to the Slime Pits.
 25038 | Lair:5   | Reached skill level 10 in Spellcasting
 25154 | Lair:6   | Entered Level 6 of the Lair of Beasts
 26187 | Lair:6   | Got an encrusted arbalest
 26195 | Lair:6   | Identified the +6 arbalest of Refamu {speed, Str+4} (You found it on level 6 of the Lair of Beasts)
 26260 | Lair:6   | Reached XP level 14. HP: 82/90 MP: 17/26
 26272 | Lair:6   | Learned a level 8 spell: Controlled Blink
 26308 | Lair:6   | Reached skill level 1 in Translocations
 26964 | Lair:6   | Reached skill level 5 in Translocations
 27330 | Lair:6   | Noticed a dire elephant
 27349 | Lair:6   | Slain by a dire elephant

Skill      XL: |  1  2  3  4  5  6  7  8  9 10 11 12 13 14 |
---------------+-------------------------------------------+-----
Spellcasting   | 3 4 5 6 8 11 | 11.0
Fire Magic     | 4 5 6 7 9 10 12 | 12.5
Conjurations   | 2 4 5 7 9 10 11 | 11.2
Dodging        | 3 4 5 7 9 10 | 10.1
Fighting       | 4 6 |  6.2
Charms         | 3 |  3.0
Stealth        | 4 |  4.2
Translocations | 5 |  5.4

Action                   |  1- 3 |  4- 6 |  7- 9 | 10-12 | 13-15 || total
-------------------------+-------+-------+-------+-------+-------++-------
Melee: Club              |     7 |       |       |       |       ||     7
       Constrict         |    16 |     4 |     4 |     8 |     4 ||    36
       Dagger            |    39 |     4 |    14 |       |       ||    57
       Tentacles         |     1 |     3 |     2 |    12 |    21 ||    39
       Flail             |       |     6 |       |    45 |    45 ||    96
 Cast: Flame Tongue      |    53 |   117 |   257 |   725 |   316 ||  1468
       Conjure Flame     |       |     5 |    20 |    22 |     8 ||    55
       Inner Flame       |       |       |     1 |       |       ||     1
       Sticky Flame      |       |       |    18 |    63 |    23 ||   104
       Fireball          |       |       |       |     6 |    16 ||    22
       Iskenderun's Batt |       |       |       |     2 |    45 ||    47
       Venom Bolt        |       |       |       |       |    11 ||    11
  Use: Scroll            |       |       |     3 |    22 |     3 ||    28
       Potion            |       |       |       |     1 |     4 ||     5
 Stab: Sleeping          |     2 |       |     1 |       |       ||     3
       Distracted        |       |       |       |     1 |       ||     1
  Eat: Chunk             |     2 |    11 |    19 |    39 |    25 ||    96
       Fruit             |       |       |     1 |     4 |     2 ||     7
       Royal jelly       |       |       |       |     1 |     2 ||     3
Armor: Skin              |     7 |     1 |     3 |    14 |     5 ||    30
Dodge: Dodged            |    53 |    30 |    79 |   191 |   118 ||   471
